 Dungeon Crawl Stone Soup version 0.28-a0-533-g9f97627e2a (webtiles) character file.

Game seed: 4323197356267151996

4 fiend the Chopper (level 1, 0/20 HPs)
             Began as a Minotaur Cinder Acolyte on Sept 25, 2021.
             Was a High Priest of Ignis.
             Slain by a gnoll (4 damage)
             ... on level 1 of the Dungeon.
             The game lasted 00:00:21 (167 turns).

fiend the Chopper (Minotaur Cinder Acolyte)          Turns: 167, Time: 00:00:22

Health: 0/20       AC:  2    Str: 18    XL:     1   Next: 58%
Magic:  1/1        EV: 11    Int: 11    God:    Ignis [*****.]
Gold:   25         SH:  0    Dex:  5    Spells: 2/2 levels left

rFire   + . .      SeeInvis .   a - -1 hand axe (flame)
rCold   . . .      Faith    .   (no shield)
rNeg    . . .      Spirit   .   b - +0 robe
rPois   .          Reflect  .   (helmet restricted)
rElec   .          Harm     .   (no cloak)
rCorr   .          Rampage  .   (no gloves)
Will    .....                   (no boots)
Stlth   +.........              (no amulet)
HPRegen 0.06/turn               (no ring)
MPRegen 0.07/turn               (no ring)

@: no status effects
A: horns 2, retaliatory headbutt
a: Renounce Religion, Sea of Fire, Foxfire Swarm, Rising Flame


You were on level 1 of the Dungeon.
You worshipped Ignis.
Ignis was extremely pleased with you.
You visited 1 branch of the dungeon, and saw 1 of its levels.

You collected 25 gold pieces.

Inventory:

Hand Weapons
 a - a -1 hand axe of flaming (weapon)
Armour
 b - a +0 robe (worn)


   Skills:
 + Level 3.7 Fighting
 * Level 3.9 Axes
 - Level 1.0 Spellcasting
 - Level 2.1 Fire Magic


You had 2 spell levels left.
You didn't know any spells.
Your spell library contained the following spells:

 Spells                   Type           Power      Damage    Failure   Level
 Scorch                   Fire           10%        2d6       21%         2


Dungeon Overview and Level Annotations

Branches:
Dungeon (1/15)

Altars:


Innate Abilities, Weirdness & Mutations

You have a pair of horns on your head.
You reflexively headbutt those who attack you in melee.


Message History

You take 1 damage, and have 19/20 hp.
You barely miss the hobgoblin. You headbutt the hobgoblin.
You kill the hobgoblin!
No target in view!
No target in view!
You now have 25 gold pieces (gained 8).
A kobold comes into view. It is wielding a +0 dagger.
The kobold shouts!
Health restored: 20 The kobold closely misses you.
You furiously retaliate!
You headbutt the kobold.
You kill the kobold!
You see here 15 bolts.
No target in view!
No target in view!
No target in view!
You see here a +0 dagger.
A hobgoblin comes into view.
The hobgoblin shouts!
You hear a shout!
A gnoll comes into view. It is wielding a +0 club.
You see here 13 gold pieces.
You barely miss the hobgoblin. The hobgoblin misses you.
You furiously retaliate!
You headbutt the hobgoblin.
The hobgoblin hits you but does no damage.
You closely miss the hobgoblin. Your headbutt misses the hobgoblin.
The hobgoblin barely misses you. The gnoll completely misses you.
You barely miss the hobgoblin. Your headbutt misses the hobgoblin.
You hit the gnoll but do no damage. The hobgoblin hits you.
The gnoll hits you with a +0 club.
You take 6 damage, and have 14/20 hp.
MASSIVE DAMAGE!!
You hit the gnoll but do no damage. You hit the hobgoblin but do no damage.
The hobgoblin hits you. The gnoll hits you with a +0 club.
You take 5 damage, and have 9/20 hp.
MASSIVE DAMAGE!!
You hit the gnoll but do no damage. You hit the hobgoblin but do no damage.
The hobgoblin hits you.
* * * LOW HITPOINT WARNING * * *
The gnoll hits you with a +0 club.
You die...

..#.##.#####...
#.#.##.........
#.#.##.#####...
#....#.#
###+#..###.##
###....(......#
.......)#####.###
..####..g.#...†.##
### #.##@#....#.#
##.# #g.
#g###....#### #...
.... #.#
####....####.<
.#..# #.#
###....)... # ...
..# #..##.##...
#### #.#
...##...##### #..
..# ##### # #(. #
# #..


You could see a gnoll and a hobgoblin.

Vanquished Creatures
  A goblin (D:1)
  A hobgoblin (D:1)
  A quokka (D:1)
  A kobold (D:1)
4 creatures vanquished.

Notes
Turn   | Place    | Note
-------+----------+-------------------------------------------
     0 | D:1      | fiend the Minotaur Cinder Acolyte began the quest for the
                  | Orb.
     0 | D:1      | Reached XP level 1. HP: 19/19 MP: 1/1
   167 | D:1      | Slain by a gnoll

Illustrated notes

Levels and vault maps discovered:
D:1:      dpeg_arrival_arbitrary_a, layout_basic,
          shapermc_ecumenical_altar_starsandcircs, minivault_24,
          minmay_pentomino_q2

Action                   || total
-------------------------++-------
Melee: Hand axe          ||    10
       Headbutt          ||     1
Armor: Robe              ||     1
Dodge: Dodged            ||     5

Table legend: (Time is in decaauts)
 A = Elapsed time spent in this place.
 B = Non-inter-level travel time spent in this place.
 C = Inter-level travel time spent in this place.
 D = Time resting spent in this place.
 E = Time spent auto-exploring this place.
 F = Levels seen in this place.
 G = Mean time per level.
                   A        B        C        D        E       F      G
               +--------+--------+--------+--------+--------+-----+--------+
         Total |    168 |    168 |      0 |      0 |    135 |   1 |  168.0 |
       Dungeon |    168 |    168 |      0 |      0 |    135 |   1 |  168.0 |
               +--------+--------+--------+--------+--------+-----+--------+

Top non-repeatable levels by time:
     D:1: 168 daAuts
